 Dungeon Crawl Stone Soup version bcrawl-1.12-11-gb93c957c58 (console) character file.

Game seed: 13060996798768129342

149 Lexodia the Magician (level 5, 12/56 HPs)
             Began as a Demonspawn Archaeologist on July 4, 2019.
             Starved to death
             ... on level 4 of the Dungeon.
             The game lasted 00:07:48 (3121 turns).

Lexodia the Magician (Demonspawn Archaeologist)     Turns: 3121, Time: 00:07:48

Health: 12/56      AC: 11    Str: 12 (13) XL:     5   Next: 9%
Magic:  12/12      EV: 11    Int: 12 (15) God:
Gold:   160        SH:  0    Dex:  9 (11) Spells: 12/13 levels left

rFire    + . .     SeeInvis .   k - +0 hand axe
rCold    . . .     Gourm    .   (no shield)
rNeg     . . .     Faith    .   n - +0 ring mail {rF+}
rPois    .         Spirit   .   b - +1 hat
rElec    .         Reflect  .   r - +0 cloak
rCorr    .         Harm     .   d - +1 pair of gloves
MR       .....                  c - +1 pair of boots
Stlth    +.........             w - amulet of Vitality {Regen+ HP+15}
HPRegen  0.58/turn              (no ring)
MPRegen  0.13/turn              (no ring)

@: very slightly contaminated, fainting, hasted, studying Spellcasting, very
quick
A: claws 2, rot immunity
a: no special abilities


You were on level 4 of the Dungeon.
You were fainting.

You visited 1 branch of the dungeon, and saw 4 of its levels.

You collected 160 gold pieces.

Inventory:

Hand Weapons
 h - a +0 hunting sling
 j - a +0 club
 k - a +0 hand axe (weapon)
 l - a +0 mace
Missiles
 t - 43 javelins (quivered)
 E - 110 tomahawks
Armour
 a - a +1 robe
 b - a +1 hat (worn)
 c - a +1 pair of boots (worn)
 d - a +1 pair of gloves (worn)
 n - a +0 ring mail of fire resistance (worn)
 r - a +0 cloak (worn)
Jewellery
 w - the amulet of Vitality (around neck) {Regen+ HP+15}
   (You found it on level 4 of the Dungeon)

   [amulet of regeneration]

   It affects your health (+15).
   It increases your rate of regeneration.
Wands
 v - a wand of digging (10)
 C - a wand of iceblast (10)
Scrolls
 m - 2 scrolls of fear {unknown}
 o - 2 scrolls of teleportation {unknown}
 p - 4 scrolls of identify {unknown}
 u - a scroll of enchant weapon {unknown}
 y - a scroll of enchant armour {unknown}
 A - a scroll of magic mapping {unknown}
Potions
 q - a potion of degeneration
 D - a potion of berserk rage {unknown}
Books
 e - a manual of Spellcasting
Miscellaneous
 f - an ancient crate


   Skills:
 - Level 3.0 Fighting
 - Level 2.6 Dodging
 - Level 3.0 Stealth
 * Level 4.9 Spellcasting


You had 12 spell levels left.
You knew the following spells:

 Your Spells              Type           Power        Failure   Level  Hunger
a - Magic Dart            Conj           #...         43%         1    None

Your spell library contained the following spells:

 Spells                   Type           Power        Failure   Level  Hunger
 Slow                     Hex            #.......     43%         1    None
 Blink                    Tloc           N/A          56%         2    ##.....
 Call Imp                 Summ           #.......     56%         2    ##.....
 Conjure Flame            Conj/Fire      #.......     80%         3    ###....
 Mephitic Cloud           Conj/Pois/Air  #.......     80%         3    ###....


Dungeon Overview and Level Annotations

Branches:
Dungeon (4/12)
 Temple: D:4-7

Altars:

Shops:
D:4 (}


Innate Abilities, Weirdness & Mutations

You have very sharp fingernails.
You are immune to rotting.


Message History

The hungry ghost barely misses you. The orc hits you with a +0 mace.
* * * LOW HITPOINT WARNING * * *
The orc hits you but does no damage. The orc hits you with a +0 flail.
* * * LOW HITPOINT WARNING * * *
The hungry ghost hits you.
You feel slightly more hungry. The orc hits you but does no damage.
The sky beast flickers out of sight!
Deactivating autopickup; reactivate with Ctrl-A.
The orc hits you but does no damage. The hungry ghost hits you.
You feel slightly more hungry. The orc hits you with a +0 flail.
* * * LOW HITPOINT WARNING * * *
You can move again.
Unknown command.
The orc hits you but does no damage.
Found 16 gold pieces.
Found a sedimented dark potion.
You barely miss the orc. The orc closely misses you.
You completely miss the orc.
You have starved to death.
You die...

....... ...... .....
############# #.##.
#....#......###.##$
#..o.≈......$.....
#.{h.#............
######o###.###.#######
#....@.# ### #!#
#............#...
##...#.....!.+....
#..##..##.###..## ###
#(.# .# #..# .... .
..$. . .....


You could see a hound and 2 orcs.

Vanquished Creatures
  Terence (D:2)
  5 adders
  3 worms
  3 dart slugs (D:2)
  2 leopard geckos
  3 orcs (D:3)
  3 giant cockroaches
  5 goblins
  7 hobgoblins
  2 jackals (D:1)
  7 kobolds
  2 quokkas
  5 bats
  A quokka skeleton (D:2)
  11 rats
60 creatures vanquished.

Vanquished Creatures (others)
  5 toadstools (D:1)
5 creatures vanquished.

Grand Total: 65 creatures vanquished

Notes
Turn   | Place    | Note
-------+----------+-------------------------------------------
     0 | D:1      | Lexodia the Demonspawn Archaeologist began the quest for
                  | the Orb.
     0 | D:1      | Reached XP level 1. HP: 15/15 MP: 1/1
    95 | D:1      | Gained mutation: You are immune to rotting. [demonic
                  | ancestry]
    95 | D:1      | Reached XP level 2. HP: 15/22 MP: 2/2
   727 | D:2      | Gained mutation: You have sharp fingernails. [demonic
                  | ancestry]
   727 | D:2      | Reached XP level 3. HP: 29/29 MP: 3/3
   782 | D:2      | Reached skill level 1 in Spellcasting
   924 | D:2      | Noticed Terence
   947 | D:2      | Reached skill level 2 in Spellcasting
   962 | D:2      | Killed Terence
   962 | D:2      | Reached skill level 3 in Spellcasting
   962 | D:2      | Gained mutation: You have very sharp fingernails. [demonic
                  | ancestry]
   962 | D:2      | Reached XP level 4. HP: 13/35 MP: 6/8
  2011 | D:3      | Reached skill level 4 in Spellcasting
  2564 | D:3      | Learned a level 1 spell: Magic Dart
  2584 | D:3      | Reached XP level 5. HP: 41/41 MP: 12/12
  2818 | D:4      | Found Geff's Weapon Boutique.
  2851 | D:4      | Found Kuofanicau's Gadget Shoppe.
  2884 | D:4      | Found the amulet of Vitality {Regen+ HP+15}
  2922 | D:4      | Noticed a hungry ghost
  3045 | D:4      | Noticed a sky beast
  3104 | D:4      | Paralysed by fainting for 12 turns
  3121 | D:4      | Starved to death

Skill      XL: |  1  2  3  4 |
---------------+-------------+-----
Fighting       | 2 3 |  3.0
Spellcasting   | 3 4 |  4.9
Dodging        | |  2.6
Stealth        | |  3.0

Action                   |  1- 3 |  4- 6 || total
-------------------------+-------+-------++-------
Melee: Unarmed           |    18 |       ||    18
       Club              |     5 |       ||     5
       Hand axe          |    83 |   167 ||   250
Throw: Javelin           |     4 |    40 ||    44
 Cast: Magic Dart        |       |     1 ||     1
  Use: Potion            |     1 |     5 ||     6
       Scroll            |       |     1 ||     1
 Stab: Sleeping          |     5 |     1 ||     6
       Distracted        |     1 |       ||     1
  Eat: Chunk             |       |     6 ||     6
       Ration            |       |     7 ||     7
Armor: Robe              |    41 |       ||    41
       Skin              |    12 |       ||    12
       Ring mail         |       |   147 ||   147
Dodge: Dodged            |    72 |   112 ||   184
